 Dungeon Crawl Stone Soup version 0.30-a0-458-g86641cc369 (webtiles) character file.

Game seed: 4984800495138625653

105 flotson the Sneak (level 4, -8/35 HPs)
             Began as a Demonspawn Delver on Dec 14, 2022.
             Mangled by an iron imp (9 damage)
             ... summoned by Natasha
             ... on level 2 of the Dungeon.
             The game lasted 00:03:59 (1414 turns).

flotson the Sneak (Demonspawn Delver)               Turns: 1414, Time: 00:03:59

Health: -8/35      AC:  5    Str: 14    XL:     4   Next: 53%
Magic:  4/4        EV: 11    Int: 12    God:
Gold:   85         SH:  0    Dex: 14    Spells: 3/3 levels left

rFire   . . .      SeeInvis .    a - +0 war axe
rCold   . . .      Faith    .    (no shield)
rNeg    . . .      Spirit   .    m - +0 ring mail
rPois   .          Reflect  .    (no helmet)
rElec   .          Harm     .    (no cloak)
rCorr   .          Rampage  .    (no gloves)
Will    .....                    (no boots)
Stlth   ++........               (no amulet)
HPRegen 0.25/turn                (no ring)
MPRegen 0.09/turn                (no ring)

@: slowed, very slow
A: icemail 1, condensation shield
a: no special abilities


You were on level 2 of the Dungeon.
You visited 1 branch of the dungeon, and saw 5 of its levels.

You collected 85 gold pieces.

Inventory:

Hand Weapons
 a - a +0 war axe (weapon)
 b - a +0 sling
Missiles
 d - 2 javelins
 j - 2 poisoned darts (quivered)
Armour
 e - a +0 leather armour
 m - a +0 ring mail (worn)
Jewellery
 f - a ring of fire
Wands
 g - a wand of digging (3)
 h - a wand of flame (10)
Scrolls
 c - a scroll of fog
 i - a scroll of amnesia {unknown}
 k - 2 scrolls of identify {unknown}
 n - 2 scrolls of teleportation {unknown}
 o - 2 scrolls of blinking {unknown}
 r - a scroll of acquirement {unknown}
 u - a scroll of poison {unknown}
Potions
 l - a potion of heal wounds {unknown}
 p - 2 potions of might {unknown}
 q - 2 potions of attraction {unknown}
 s - a potion of flight {unknown}
 t - 2 potions of brilliance {unknown}
 v - a potion of degeneration {unknown}


   Skills:
 + Level 3.4 Fighting
 - Level 1.7 Axes
 + Level 1.2 Throwing
 + Level 1.2 Armour
 + Level 2.4 Dodging
 + Level 4.9 Stealth
 + Level 1.3 Evocations


You had 3 spell levels left.
You didn't know any spells.
Your spell library contained the following spells:

 Spells                   Type           Power      Damage    Failure   Level
 Cigotuvi's Dreadful Rot  Necr/Pois/Air  0%         N/A       71%         2
 Poisonous Vapours        Pois/Air       0%         N/A       71%         2
 Mephitic Cloud           Conj/Pois/Air  0%         N/A       90%         3


Dungeon Overview and Level Annotations

Branches:
Dungeon (5/15)
 Temple: D:4-7

Altars:

Shops:
D:4 [

Annotations:
D:2 Natasha


Innate Abilities, Weirdness & Mutations

A meltable icy envelope protects you from harm. (AC +0)
A meltable shield of frost defends you. (SH +0)


Message History

You closely miss Natasha.
Natasha is moderately wounded.
Natasha looks more healthy.
Natasha mumbles some strange words.
Unknown command.
You closely miss Natasha.
Natasha is moderately wounded.
Natasha extends her claws.
Natasha zaps a wand.
The puff of flame hits you!
Unknown command.
You hit Natasha but do no damage. You punch Natasha, but do no damage.
Natasha is moderately wounded.
You hit the iron imp.
Natasha zaps a wand.
The puff of flame misses you. Natasha claws you but does no damage.
The iron imp completely misses you.
Unknown command.
You hit the iron imp but do no damage.
The iron imp is moderately wounded.
You hit Natasha.
Natasha howls an incantation.
Natasha glows brightly for a moment.
Natasha casts a spell at you.
You feel yourself slow down. The iron imp barely misses you.
Unknown command.
You hit the iron imp.
The iron imp is heavily wounded.
You slash Natasha!
Natasha mumbles some strange words.
The iron imp hits you! Natasha casts a spell at you. The magic dart hits you.
You hit Natasha.
Natasha is almost dead.
You slash the crimson imp! You barely miss the iron imp.
Natasha zaps a wand.
The puff of flame hits you. The iron imp hits you.
* * * LOW HITPOINT WARNING * * *
The crimson imp closely misses you.
Natasha zaps a wand.
The puff of flame hits you!
* * * LOW HITPOINT WARNING * * *
The iron imp hits you!
You die...

#..........#
######..........#
##...............#
##..####.†........# #
###..## #..........# #
##...######..........# #
#..###...............#
###.####.####....5.....#
.#.......####..5@h.(.(#*
...........##........##
###.######..........##
###........#.........##
.#########.#..........##
.......................#
.....#####............##
###..# #.............#
###..####.##......††..#


You could see an iron imp (summoned), Natasha and a crimson imp (summoned).

Vanquished Creatures
  Natasha (twice) (D:2)
  A worm (D:2)
  2 dart slugs
  3 ball pythons (D:1)
  6 bats
  5 endoplasms
  A giant cockroach (D:2)
  3 hobgoblins
  4 jackals (D:1)
  4 quokkas
  2 frilled lizards
  4 goblins
  2 kobolds
  7 rats
46 creatures vanquished.

Notes
Turn   | Place    | Note
-------+----------+-------------------------------------------
     0 | D:5      | flotson the Demonspawn Delver began the quest for the Orb.
     0 | D:5      | Reached XP level 1. HP: 18/18 MP: 1/1
    16 | D:5      | Noticed a necrophage
    56 | D:4      | Found Ehevaug's Antique Armour Emporium.
    90 | D:4      | Noticed a jelly
   208 | D:2      | Gained mutation: A meltable shield of frost defends you.
                  | (SH +0) [demonic ancestry]
   208 | D:2      | Reached XP level 2. HP: 21/24 MP: 2/2
   296 | D:2      | Noticed Natasha
   309 | D:2      | Noticed a crimson imp
   313 | D:2      | Killed Natasha
   314 | D:2      | Gained mutation: A meltable icy envelope protects you from
                  | harm. (AC +0) [demonic ancestry]
   314 | D:2      | Reached XP level 3. HP: 21/29 MP: 3/3
   392 | D:1      | Reached skill level 1 in Evocations
   398 | D:1      | Reached skill level 1 in Throwing
   668 | D:1      | Reached skill level 1 in Armour
   720 | D:1      | Reached XP level 4. HP: 35/35 MP: 4/4
  1244 | D:2      | Noticed Natasha
  1263 | D:2      | Killed Natasha
  1292 | D:2      | Noticed Natasha
  1414 | D:2      | HP: 1/35 [Natasha/puff of flame (9)]
  1414 | D:2      | Mangled by an iron imp

Illustrated notes

Levels and vault maps discovered:
D:1:      wander_arrival_peaceful_grave, layout_loops_ring
D:2:      layout_rooms, kennysheep_nondescript, kennysheep_generic_room_12,
          uniq_natasha
D:3:      minmay_diamond_boxcup, layout_rooms,
          shapermc_ecumenical_altar_acropolis, mrwooster_statue_mirror
D:4:      layout_basic, serial_shops, nicolae_shop_advertising_works
          [nicolae_subvault_shop_adworks], serial_bayou, serial_bayou_ford_a,
          serial_bayou_pond_d, serial_bayou_shore_a, serial_bayou_lagoon_a
D:5:      layout_gridville, serial_shops, nicolae_diamond_shop

Skill      XL: |  1  2  3 |
---------------+----------+-----
Dodging        | 2 |  2.4
Evocations     | 1 |  1.3
Throwing       | 1 |  1.2
Armour         | 1 |  1.2
Fighting       | |  3.4
Axes           | |  1.7
Stealth        | |  4.9

Action                   |  1- 3 |  4- 6 || total
-------------------------+-------+-------++-------
Melee: Hand axe          |     3 |       ||     3
       Long sword        |    11 |       ||    11
       War axe           |       |    18 ||    18
       Punch             |       |     1 ||     1
 Fire: Sling             |    97 |    57 ||   154
Throw: Dart              |       |     3 ||     3
  Use: Scroll            |     2 |       ||     2
       Potion            |     1 |       ||     1
Armor: Leather armour    |     8 |       ||     8
       Ring mail         |    14 |    26 ||    40
Dodge: Dodged            |    28 |    33 ||    61
Block: Other             |    10 |    12 ||    22

Table legend: (Time is in decaauts)
 A = Elapsed time spent in this place.
 B = Non-inter-level travel time spent in this place.
 C = Inter-level travel time spent in this place.
 D = Time resting spent in this place.
 E = Time spent auto-exploring this place.
 F = Levels seen in this place.
 G = Mean time per level.
                   A        B        C        D        E       F      G
               +--------+--------+--------+--------+--------+-----+--------+
         Total |   1489 |   1486 |      3 |     74 |    903 |   5 |  297.8 |
       Dungeon |   1489 |   1486 |      3 |     74 |    903 |   5 |  297.8 |
               +--------+--------+--------+--------+--------+-----+--------+

Top non-repeatable levels by time:
     D:1: 709 daAuts
     D:2: 591 daAuts
     D:3: 66 daAuts
     D:4: 65 daAuts
     D:5: 56 daAuts
